 Dungeon Crawl Stone Soup version 0.29.0-11-gd7f09526c8 (webtiles) character file.

Game seed: 2488273048962818749

128 BabyfaceFinlayson the Poker (level 4, -17/41 HPs)
             Began as a Minotaur Chaos Knight on Sept 2, 2022.
             Was a Plaything of Xom.
             Demolished by an ogre
             ... wielding a +0 giant club
              (27 damage)
             ... on level 4 of the Dungeon.
             The game lasted 00:07:30 (2318 turns).

BabyfaceFinlayson the Poker (Minotaur Chaos Knight) Turns: 2318, Time: 00:07:31

Health: -17/41     AC:  5    Str: 21    XL:     4   Next: 86%
Magic:  3/3        EV:  6    Int:  8    God:    Xom [.....*]
Gold:   145        SH:  7    Dex: 17    Spells: 3/3 levels left

rFire   . . .      SeeInvis .   p - +12 long sword of Bile {vamp, rPois Str+4 Dex+3}
rCold   . . .      Faith    .   m - +0 kite shield
rNeg    . . .      Spirit   .   e - +0 chain mail
rPois   +          Reflect  .   (helmet restricted)
rElec   .          Harm     .   (no cloak)
rCorr   .          Rampage  .   (no gloves)
Will    .....                   (no boots)
Stlth   ..........              (no amulet)
HPRegen 0.13/turn               (no ring)
MPRegen 0.08/turn               (no ring)

@: brilliant
A: horns 2, retaliatory headbutt, agile 1, deformed body
a: Renounce Religion


You were on level 4 of the Dungeon.
You worshipped Xom.
You were Xom's teddy bear.
You visited 1 branch of the dungeon, and saw 4 of its levels.

You collected 145 gold pieces.

Inventory:

Hand Weapons
 a - a +1 spear of chaos
 d - a +3 hand axe of flaming
 p - the +12 long sword of Bile (weapon) {vamp, rPois Str+4 Dex+3}
   (You found it on level 3 of the Dungeon)

   It occasionally heals its wielder for a portion of the damage dealt when it
   wounds a living foe.
   Str:       It affects your strength (+4).
   Dex:       It affects your dexterity (+3).
   rPois:     It protects you from poison.
Armour
 e - a +0 chain mail (worn)
 m - a +0 kite shield (worn)
Jewellery
 f - a ring of willpower
 l - a ring of ice
Scrolls
 h - a scroll of acquirement {unknown}
 i - a scroll of vulnerability {unknown}
 j - 5 scrolls of identify
 k - a scroll of teleportation
 o - a scroll of amnesia {unknown}
Potions
 b - a potion of brilliance
 g - a potion of invisibility
 n - a potion of ambrosia
Miscellaneous
 c - a piece from Xom's chessboard (15/15) (quivered)


   Skills:
 + Level 4.5 Fighting
 + Level 1.2(3.5) Axes
 + Level 5.3(5.4) Polearms
 + Level 3.5 Armour
 + Level 1.1 Dodging


You had 3 spell levels left.
You didn't know any spells.
Your spell library contained the following spells:

 Spells                   Type           Power      Damage    Failure   Level
 Apportation              Tloc           0%         N/A       100%        1
 Necrotise                Necr           0%         1d4       100%        1
 Summon Small Mammal      Summ           0%         N/A       100%        1


Dungeon Overview and Level Annotations

Branches:
Dungeon (4/15)
 Temple: D:4-7

Altars:

Shops:
D:2 *   D:3 [


Innate Abilities, Weirdness & Mutations

You have a pair of horns on your head.
You reflexively headbutt those who attack you in melee.
You are agile. (Dex +4, Str/Int -1)
Armour fits poorly on your strangely shaped body.


Message History

The orc priest calls down the wrath of Beogh upon you.
Pain shoots through your body!
The ogre hits you with a +0 giant club!!
* * * LOW HITPOINT WARNING * * *
You swap places.
The orc priest hits your crimson imp with a +0 mace.
The ogre hits your crimson imp with a +0 giant club!!
Your crimson imp dies!
Your crimson imp disappears in a puff of smoke!
You see here a wand of polymorph (10).
Xom grants you insight.
You detect items!
The orc priest mumbles some strange prayers to Beogh against you.
Beogh smites you!
* * * LOW HITPOINT WARNING * * *
It was a potion of ambrosia.
You are confused.
You feel invigorated.
Xom thinks this is hilarious!
It was a potion of heal wounds.
You feel much better.
The orc priest mumbles some strange prayers to Beogh against you.
Beogh smites you! The orc closely misses you.
It was a potion of brilliance.
You feel clever all of a sudden. Xom smiles on you.
The orc's +0 flail dances into the air!
You barely miss the orc.
You feel less invigorated.
You feel less confused.
Something closely misses the orc.
The orc priest mumbles some strange prayers to Beogh against you.
Pain shoots through your body! The orc hits you but does no damage.
Something hits the ogre!!
You block the orc's attack.
The orc priest invokes the aid of Beogh against you.
Beogh smites you!
* * * LOW HITPOINT WARNING * * *
A shower of butterflies erupts from you!
The ogre hits you with a +0 giant club!!
Ouch! That really hurt!
You die...
Xom giggles madly!

∆ ∆ .## ∆ ∆ ..# ...# .....
## #########+#########.....
∆ #..
..........##.ob........
...##..........##Ob........
∆
..............#.@oo........
............#bo#o....#...
#..........b..#.....#
#.........##..........
#.<.......#...##.......
#.....†......## ....... ∆
.................# .......
.....................##....
...............#...#


You could see an ogre, an orc priest (ally target) and 4 orcs.

Vanquished Creatures
  5 adders
  3 worms
  A dart slug (D:2)
  2 orcs
  7 endoplasms
  3 giant cockroaches
  3 goblins
  9 hobgoblins
  4 jackals (D:3)
  4 kobolds
  5 quokkas
  5 ball pythons
  5 bats
  5 frilled lizards
  2 rats
63 creatures vanquished.

Vanquished Creatures (others)
  10 plants (D:2)
10 creatures vanquished.

Grand Total: 73 creatures vanquished

Notes
Turn   | Place    | Note
-------+----------+-------------------------------------------
     0 | D:1      | BabyfaceFinlayson the Minotaur Chaos Knight began the quest
                  | for the Orb.
     0 | D:1      | Reached XP level 1. HP: 19/19 MP: 0/0
   119 | D:1      | XOM: potion effect (might)
   143 | D:1      | XOM: silly message
   149 | D:1      | Reached skill level 4 in Polearms
   149 | D:1      | Reached XP level 2. HP: 27/27 MP: 1/1
   279 | D:1      | XOM: silly message
   283 | D:1      | XOM: divination: detect creatures
   397 | D:1      | XOM: cloud trail
   432 | D:1      | Gained mutation: Armour fits poorly on your strangely
                  | shaped body. [potion of mutation]
   432 | D:1      | Gained mutation: You are agile. (Dex +4, Str/Int -1)
                  | [potion of mutation]
   470 | D:1      | Reached XP level 3. HP: 33/33 MP: 2/2
   594 | D:2      | Found a faded altar of an unknown god.
   971 | D:2      | XOM: noise
  1175 | D:2      | Reached XP level 4. HP: 35/41 MP: 3/3
  1178 | D:2      | Found Utaggoun's General Store.
  1418 | D:2      | Reached skill level 5 in Polearms
  1772 | D:3      | Identified the +12 long sword of Bile {vamp, rPois Str+4
                  | Dex+3}
  2003 | D:3      | Reached skill level 1 in Axes
  2017 | D:3      | Found Fuufits's Armour Shop.
  2308 | D:4      | Noticed an ogre
  2308 | D:4      | XOM: summons friendly crimson imp
  2314 | D:4      | XOM: divination: detect items
  2314 | D:4      | HP: 1/41 [orc priest/divine providence (10)]
  2318 | D:4      | XOM: butterfly on damage
  2318 | D:4      | Demolished by an ogre

Illustrated notes

Levels and vault maps discovered:
D:1:      dpeg_arrival_erosion, layout_rooms, solitary_fountain
D:2:      layout_loops_ring, serial_shops, shop,
          dilly_ecumenical_altar_fadedgnrine
D:3:      layout_loops_ring, serial_shops, shop, chequers_garden
D:4:      layout_cave_pools, vehumet_altar_wand_db, grunt_nemelex_the_gamble,
          columned_hall_lemuel

Skill      XL: |  1  2  3  4 |
---------------+-------------+-----
Fighting       | 4 |  4.5
Polearms       | 4 5 |  5.3
Armour         | 3 |  3.5
Axes           | 1 |  1.2
Dodging        | |  1.1

Action                   |  1- 3 |  4- 6 || total
-------------------------+-------+-------++-------
Melee: Spear             |    67 |       ||    67
       Headbutt          |    16 |     7 ||    23
       Hand axe          |    27 |    26 ||    53
       Long sword        |       |    11 ||    11
  Use: Scroll            |     5 |       ||     5
       Potion            |     1 |     3 ||     4
Armor: Leather armour    |     5 |       ||     5
       Chain mail        |    47 |    16 ||    63
Dodge: Dodged            |    41 |     9 ||    50
Block: Kite shield       |       |     6 ||     6
